 Dungeon Crawl Stone Soup version 0.31-a0-187-gba352fbbf7 (webtiles) character file.

Game seed: 7929149327274192422

112 qw the Skirmisher (level 4, -1/25 HPs)
             Began as a Deep Elf Hunter on June 22, 2023.
             Slain by Natasha (8 damage)
             ... on level 3 of the Dungeon.
             The game lasted 00:00:35 (1625 turns).

qw the Skirmisher (Deep Elf Hunter)                 Turns: 1625, Time: 00:00:36

Health: -1/25      AC:  5    Str: 10    XL:     4   Next: 64%
Magic:  6/6        EV: 11    Int: 14    God:
Gold:   104        SH:  0    Dex: 18    Spells: 3/3 levels left

rFire   . . .        Y - +0 shortbow
rCold   . . .        (shield currently unavailable)
rNeg    . . .        g - +0 ring mail
rPois   .            (no helmet)
rElec   .            (no cloak)
rCorr   .            (no gloves)
SInv    .            (no boots)
Will    .....        (no amulet)
Stlth   +            (no ring)
HPRegen 0.24/turn    (no ring)
MPRegen 0.10/turn

%: no passive effects
@: no status effects
A: no striking features
a: no special abilities


You were on level 3 of the Dungeon.
You visited 1 branch of the dungeon, and saw 3 of its levels.

You collected 104 gold pieces.


   Skills:
 - Level 1.5 Fighting
 + Level 8.1 Ranged Weapons
 - Level 2.4 Dodging
 - Level 1.2 Stealth


You had 3 spell levels left.
You didn't know any spells.
Your spell library was empty.

Inventory:

Hand Weapons
 Y - a +0 shortbow (weapon)
Armour
 g - a +0 ring mail (worn)
Scrolls
 a - a scroll of identify
Potions
 d - 3 potions of enlightenment

Dungeon Overview and Level Annotations

Branches:
Dungeon (3/15)

Altars:
Elyvilon

Shops:
D:1 =

Annotations:
D:3 Natasha


Message History

You feel as though you will be slow longer.
You shoot an arrow. The arrow hits Natasha!
You kill Natasha!
Natasha yowls pathetically as she dies!
Your Ranged Weapons skill increases to level 8!
You start resting.
You feel yourself speed up.
Natasha, Servant of Life and Death comes into view.
You shoot an arrow. The arrow barely misses Natasha.
Natasha hisses angrily.
Natasha mumbles some strange words.
Natasha glows brightly for a moment.
You shoot an arrow.
The arrow hits Natasha but does no damage.
Natasha stares at you and mumbles some strange words.
The magic dart hits you.
You shoot an arrow. The arrow hits Natasha.
Natasha is lightly wounded.
You shoot an arrow. The arrow barely misses Natasha.
You shoot an arrow. The arrow hits Natasha.
Natasha is moderately wounded.
Natasha claws you.
You shoot an arrow. The arrow hits Natasha.
Natasha is moderately wounded.
Natasha mewls in sadness.
Natasha completely misses you.
You shoot an arrow. The arrow closely misses Natasha.
Natasha claws you.
You shoot an arrow. The arrow closely misses Natasha.
Natasha claws you but does no damage.
You shoot an arrow. The arrow hits Natasha!
Natasha is almost dead.
Natasha completely misses you.
You shoot an arrow. The arrow closely misses Natasha.
Natasha claws you!
You shoot an arrow. The arrow closely misses Natasha.
Natasha mumbles some strange words.
Natasha's front paws start to glow.
Natasha claws you!
You die...

### #..
#####(#
#...#.#####.#
#...%.......#
#@# #h# #.#
#.# #.# #.#
#.# #.# #.#


You could see Natasha.

Vanquished Creatures
  Natasha (D:3)
  4 adders
  A worm (D:2)
  2 ball pythons (D:1)
  2 endoplasms
  13 giant cockroaches
  3 goblins
  4 hobgoblins (D:1)
  7 quokkas
  4 bats
  A frilled lizard (D:1)
  A rat (D:2)
43 creatures vanquished.

Notes
Turn   | Place    | Note
-------+----------+-------------------------------------------
     0 | D:1      | qw the Deep Elf Hunter began the quest for the Orb.
     0 | D:1      | Reached XP level 1. HP: 12/12 MP: 3/3
     0 | D:1      | 0 ||| qw: Version: 0.3-a-9-g12657ce
     0 | D:1      | 0 ||| qw: Game counter: 1974
     0 | D:1      | 0 ||| qw: Always use a shield: true
     0 | D:1      | 0 ||| qw: God list: Okawaru
     0 | D:1      | 0 ||| qw: Allow faded altars: false
     0 | D:1      | 0 ||| qw: Do Orc after D:15 true
     0 | D:1      | 0 ||| qw: Do second Lair branch before Depths: true
     0 | D:1      | 0 ||| qw: Lair rune preference: random
     0 | D:1      | 0 ||| qw: Plans: Normal
     0 | D:1      | 0 ||| PLANNING D:1-11
    91 | D:1      | Reached XP level 2. HP: 16/16 MP: 4/4
   111 | D:1      | Reached skill level 6 in Ranged Weapons
   184 | D:1      | Found Konnis's Jewellery Shoppe.
   193 | D:1      | 193 ||| SHOPLISTING +4 ring of protection (396 gold, have
                  | 17).
   193 | D:1      | 193 ||| SHOPLISTING +6 ring of dexterity (396 gold, have
                  | 17).
   193 | D:1      | 193 ||| SHOPLISTING amulet of regeneration (330 gold, have
                  | 17).
   621 | D:1      | 621 ||| READING 3 scrolls labelled MINUCWIRUXI.
   622 | D:1      | 622 ||| READING 2 scrolls of identify.
   622 | D:1      | 622 ||| IDENTIFYING smoky green potion
   623 | D:1      | 623 ||| DROPPING scroll of butterflies.
   730 | D:2      | Reached XP level 3. HP: 12/20 MP: 5/5
   780 | D:2      | Found a white marble altar of Elyvilon.
   955 | D:2      | Reached skill level 7 in Ranged Weapons
  1174 | D:2      | Reached XP level 4. HP: 25/25 MP: 6/6
  1493 | D:2      | 1493 ||| UPGRADING to +0 ring mail.
  1503 | D:2      | 1503 ||| DROPPING +0 leather armour.
  1504 | D:2      | 1504 ||| READING scroll labelled ITUM ARIEGGORO.
  1505 | D:2      | 1505 ||| READING scroll labelled GOUBAC KAPS.
  1506 | D:2      | 1506 ||| READING scroll labelled JIWOUD CAOBANG.
  1544 | D:3      | Noticed Natasha
  1552 | D:3      | HP: 5/25 [Natasha (6)]
  1555 | D:3      | HP: 1/25 [Natasha (3)]
  1556 | D:3      | Killed Natasha
  1557 | D:3      | Reached skill level 8 in Ranged Weapons
  1614 | D:3      | Noticed Natasha
  1624 | D:3      | HP: 6/25 [Natasha (8)]
  1625 | D:3      | Slain by Natasha

Levels and vault maps discovered:
D:1:      ldierk_walled_garden, layout_basic, serial_shops, shop
D:2:      minmay_roachtagon, layout_loops_ring, basic_altar, patterned_corridor
D:3:      kennysheep_goblin_castle, layout_loops_ring, uniq_jessica,
          uniq_terence, uniq_natasha, uniq_sigmund

Skill      XL: |  1  2  3  4 |
---------------+-------------+-----
Ranged Weapons | 6 7 8 |  8.1
Fighting       | |  1.5
Dodging        | |  2.4
Stealth        | |  1.2

Action                     |  1- 3 |  4- 6 || total
---------------------------+-------+-------++-------
   Fire: Shortbow          |   123 |    26 ||   149
    Use: Scroll            |     2 |     3 ||     5
 Armour: Leather armour    |    25 |       ||    25
         Ring mail         |       |     4 ||     4
  Dodge: Dodged            |    52 |    12 ||    64

Table legend:
 A = Non-vault XP
 B = Vault XP
 C = Vault XP percentage of total XP
 D = Non-vault monster count
 E = Vault monster count
 F = Vault count percentage of total count
                 A         B        C        D         E       F
            +---------+---------+-------+---------+---------+-------
      Total |     106 |      55 |  34.2 |      32 |      11 |  25.6
            +---------+---------+-------+---------+---------+-------
        D:1 |      32 |       0 |   0.0 |      18 |       0 |   0.0
        D:2 |      61 |      20 |  24.7 |      13 |      10 |  43.5
        D:3 |      13 |      35 |  72.9 |       1 |       1 |  50.0
            +---------+---------+-------+---------+---------+-------
